 Dungeon Crawl Stone Soup version 0.29-a0-575-g0dc89cf053 (webtiles) character file.

Game seed: 1695917866305869205

66 Glokmah the Firebug (level 3, 0/25 HPs)
             Began as a Draconian Fire Elementalist on June 13, 2022.
             Slain by a scorpion (5 damage)
             ... on level 3 of the Dungeon.
             The game lasted 00:04:16 (2297 turns).

Glokmah the Firebug (Draconian Fire Elementalist)   Turns: 2297, Time: 00:04:16

Health: 0/25       AC:  5    Str: 10    XL:     3   Next: 96%
Magic:  2/6        EV: 12    Int: 17    God:
Gold:   128        SH:  0    Dex: 11    Spells: 3/6 levels left

rFire   . . .      SeeInvis .   c - +0 spear
rCold   . . .      Faith    .   (no shield)
rNeg    . . .      Spirit   .   (body armour unavailable)
rPois   +          Reflect  .   (helmet restricted)
rElec   .          Harm     .   (no cloak)
rCorr   .          Rampage  .   (no gloves)
Will    .....                   (no boots)
Stlth   ++........              (no amulet)
HPRegen 0.08/turn               (no ring)
MPRegen 0.10/turn               (no ring)

@: no status effects
A: AC +5, unfitting armour, cold-blooded, frail 1, poison resistance
a: no special abilities


You were on level 3 of the Dungeon.
You visited 1 branch of the dungeon, and saw 3 of its levels.

You collected 128 gold pieces.

Inventory:

Hand Weapons
 c - a +0 spear (weapon)
Missiles
 f - 6 poisoned darts
Scrolls
 b - 3 scrolls of teleportation {unknown}
 i - a scroll of enchant weapon {unknown}
 j - a scroll of identify {unknown}
 l - a scroll of noise {unknown}
 m - a scroll of enchant armour {unknown}
Potions
 a - a potion of magic
 d - a potion of mutation
 g - 2 potions of attraction {unknown}
 h - a potion of curing
 k - a potion of might {unknown}
 n - a potion of invisibility {unknown}


   Skills:
 + Level 1.3 Fighting
 - Level 1.7 Dodging
 - Level 1.7 Stealth
 + Level 2.3 Spellcasting
 * Level 2.3 Conjurations
 * Level 3.7 Fire Magic


You had 3 spell levels left.
You knew the following spells:

 Your Spells              Type           Power      Damage    Failure   Level
a - Foxfire               Conj/Fire      48%        2x1d6     5%          1
b - Scorch                Fire           28%        2d6       6%          2

Your spell library contained the following spells:

 Spells                   Type           Power      Damage    Failure   Level
 Conjure Flame            Conj/Fire      12%        6-21      16%         3
 Inner Flame              Hex/Fire       8%         N/A       26%         3
 Flame Wave               Conj/Fire      12%        2d6       47%         4


Dungeon Overview and Level Annotations

Branches:
Dungeon (3/15)

Altars:


Innate Abilities, Weirdness & Mutations

Your plain brown scales are hard. (AC +5)
You cannot fit into any form of body armour.
You are cold-blooded and may be slowed by cold attacks.
You are frail. (-10% HP)
Your system is resistant to poisons. (rPois)


Message History

Found 3 poisoned darts.
The scorpion stings you.
* * * LOW HITPOINT WARNING * * *
You are lethally poisoned!
The scorpion poisons you!
It was a potion of mutation.
You feel extremely strange.
You feel resistant to poisons.
You feel frail.
* * * LOW HITPOINT WARNING * * *
You feel very sick. The orc barely misses you.
It was a potion of curing.
You feel better. The scorpion barely misses you. The orc closely misses you.
Blink to where?
Press: ? - help, Dir - move target
As you read the scroll labelled GOLIQ HOLUYFEF, it crumbles to dust.
It was a scroll of blinking.
The orc hits you with a +0 hand axe. The orc attacks as you move away!
The orc hits you with a +0 hand axe.
* * * LOW HITPOINT WARNING * * *
The orc attacks as you move away! The orc hits you with a +0 hand axe.
* * * LOW HITPOINT WARNING * * *
The orc attacks as you move away! The orc hits you with a +0 hand axe.
* * * LOW HITPOINT WARNING * * *
You feel better. The orc hits you but does no damage.
The orc attacks as you move away! The orc hits you with a +0 hand axe.
* * * LOW HITPOINT WARNING * * *
The orc attacks as you move away! The orc barely misses you.
Casting: Scorch (safe; 6% risk of failure)
Confirm with . or Enter, or press ? or * to list all spells.
Flames lash the orc.
You kill the orc!
The scorpion attacks as you move away! The scorpion barely misses you.
The scorpion attacks as you move away! The scorpion barely misses you.
There is a stone staircase leading down here.
The scorpion attacks as you move away! The scorpion barely misses you.
The scorpion closely misses you. The scorpion attacks as you move away!
The scorpion misses you. The scorpion attacks as you move away!
The scorpion stings you.
* * * LOW HITPOINT WARNING * * *
The scorpion stings you.
You die...

# .# ############# ..#
#......)..... ...+
#.###....#########)...##
##......>....s@...'......
#...#.....#....####.....#
#.#.#.#####.##.### ###.#
#.......###.##...# ##
###)#.......####.### .
#.###.##### #....#.#
#...#....# #..#.#.#
###s####.# #......# #.#
#.#####.#.###


You could see a scorpion.

Vanquished Creatures
  2 adders
  An orc (D:3)
  5 endoplasms
  2 giant cockroaches (D:2)
  4 goblins
  5 hobgoblins
  3 kobolds
  3 quokkas
  6 ball pythons
  2 bats
  5 frilled lizards
  7 rats
45 creatures vanquished.

Vanquished Creatures (others)
  65 foxfires
65 creatures vanquished.

Grand Total: 110 creatures vanquished

Notes
Turn   | Place    | Note
-------+----------+-------------------------------------------
     0 | D:1      | Glokmah the Draconian Fire Elementalist began the quest for
                  | the Orb.
     0 | D:1      | Reached XP level 1. HP: 14/14 MP: 3/3
    45 | D:1      | Found a faded altar of an unknown god.
   261 | D:1      | Reached XP level 2. HP: 22/22 MP: 1/5
   264 | D:1      | Learned a level 2 spell: Scorch
   937 | D:2      | Reached skill level 1 in Fighting
  1028 | D:2      | Reached XP level 3. HP: 28/28 MP: 1/6
  2269 | D:3      | Noticed a scorpion
  2270 | D:3      | Gained mutation: Your system is resistant to poisons.
                  | (rPois) [potion of mutation]
  2270 | D:3      | Gained mutation: You are frail. (-10% HP) [potion of
                  | mutation]
  2297 | D:3      | Slain by a scorpion

Illustrated notes

Levels and vault maps discovered:
D:1:      dpeg_arrival_signposts, layout_rooms,
          hellmonk_ecumenical_altar_arch_garden
D:2:      layout_loops_ring
D:3:      layout_basic, minivault_27

Skill      XL: |  1  2  3 |
---------------+----------+-----
Fighting       | 1 |  1.3
Conjurations   | 2 |  2.3
Dodging        | |  1.7
Stealth        | |  1.7
Spellcasting   | |  2.3
Fire Magic     | |  3.7

Action                   || total
-------------------------++-------
Melee: Spear             ||    39
       Tailslap          ||     8
 Cast: Foxfire           ||    40
       Scorch            ||    27
  Use: Potion            ||     3
       Scroll            ||     1
Armor: Skin              ||    12
Dodge: Dodged            ||    36

Table legend: (Time is in decaauts)
 A = Elapsed time spent in this place.
 B = Non-inter-level travel time spent in this place.
 C = Inter-level travel time spent in this place.
 D = Time resting spent in this place.
 E = Time spent auto-exploring this place.
 F = Levels seen in this place.
 G = Mean time per level.
                   A        B        C        D        E       F      G
               +--------+--------+--------+--------+--------+-----+--------+
         Total |   2302 |   2158 |    144 |      0 |   1708 |   3 |  767.3 |
       Dungeon |   2302 |   2158 |    144 |      0 |   1708 |   3 |  767.3 |
               +--------+--------+--------+--------+--------+-----+--------+

Top non-repeatable levels by time:
     D:2: 1277 daAuts
     D:1: 891 daAuts
     D:3: 134 daAuts
